 Dungeon Crawl Stone Soup version 0.23.0 (webtiles) character file.

Game seed: 12212835746157963004

638 Borgoz the Skirmisher (level 7, -8/44 HPs)
             Began as a Gargoyle Gladiator on Feb 9, 2019.
             Was an Initiate of Okawaru.
             Mangled by Prince Ribbit (9 damage)
             ... on level 5 of the Dungeon.
             The game lasted 00:06:51 (3900 turns).

Borgoz the Skirmisher (Gargoyle Gladiator)          Turns: 3900, Time: 00:06:51

Health: -8/44      AC: 11    Str: 29    XL:     7   Next: 50%
Magic:  0/7        EV: 19    Int:  8    God:    Okawaru [......]
Gold:   259        SH:  0    Dex: 18    Spells: 6/6 levels left

rFire    . . .     SeeInvis .   a - +0 war axe
rCold    . . .     Gourm    .   (no shield)
rNeg     + . .     Faith    .   n - +0 ring mail
rPois    ∞         Spirit   +   c - +0 helmet
rElec    +         Reflect  .   b - scarf {Spirit}
rCorr    .         Harm     .   (no gloves)
MR       .....                  (no boots)
Stlth    ++........             q - amulet of rage
HPRegen  0.14/turn              h - +2 ring of slaying
MPRegen  0.10/turn              A - +6 ring of strength

@: mighty, agile, about to teleport, flying
A: negative energy resistance 1, electricity resistance, unbreathing,
petrification resistance, rot immunity, AC +4
a: Renounce Religion, Evoke Berserk Rage


You were on level 5 of the Dungeon.
You worshipped Okawaru.
Okawaru was noncommittal.
You were not hungry.

You visited 1 branch of the dungeon, and saw 5 of its levels.
You also visited: Sewer.

You collected 259 gold pieces.

Inventory:

Hand Weapons
 a - a +0 war axe (weapon)
Missiles
 d - 3 throwing nets (quivered)
 v - 8 poisoned needles
 x - 9 tomahawks
Armour
 b - a scarf of spirit shield (worn)
 c - a +0 helmet (worn)
 n - a +0 ring mail (worn)
 z - the +1 robe of the Voivode {Str+8, unknown}
   (You found it on level 4 of the Dungeon)

   It affects your strength (+8).
Jewellery
 h - a +2 ring of slaying (left hand)
 o - a +2 ring of strength
 q - an amulet of rage (around neck)
 r - an uncursed ring of protection from fire
 A - a +6 ring of strength (right hand)
 I - an uncursed ring of protection from fire
Wands
 G - a wand of acid (10)
Scrolls
 k - a scroll of teleportation
 l - 2 scrolls of remove curse {unknown}
 m - 3 scrolls of enchant armour {unknown}
 p - 2 scrolls of magic mapping {unknown}
 s - a scroll of random uselessness {unknown}
 t - 3 scrolls of silence
 y - a scroll of blinking {unknown}
 B - 2 scrolls of enchant weapon {unknown}
 C - 2 scrolls of amnesia {unknown}
Potions
 e - a potion of brilliance
 i - 4 potions of curing
 j - a potion of degeneration
 u - 2 potions of resistance
 H - 2 potions of cancellation
Comestibles
 f - 9 rations


   Skills:
 + Level 4.7 Fighting
 + Level 4.5 Axes
 - Level 1.7 Throwing
 + Level 4.1 Armour
 + Level 4.0 Dodging


You had 6 spell levels left.
You didn't know any spells.
Your spell library contained the following spells:

 Spells                   Type           Power        Failure   Level  Hunger
 Magic Dart               Conj           #...         52%         1    ##.....
 Blink                    Tloc           N/A          67%         2    ###....
 Call Imp                 Summ           #.......     67%         2    ###....
 Slow                     Hex            #.......     67%         2    ###....
 Conjure Flame            Conj/Fire      #.......     88%         3    ####...
 Mephitic Cloud           Conj/Pois/Air  #.......     88%         3    ####...


Dungeon Overview and Level Annotations

Branches:
Dungeon (5/15)
 Temple: D:4-7

Altars:
Cheibriados
Fedhas
Kikubaaqudgha
Okawaru
Qazlal
Ru
Trog
Vehumet

Annotations:
D:5 Prince Ribbit


Innate Abilities, Weirdness & Mutations

You are resistant to torment.
Your stone body is resilient. (AC +4)
You are immune to poison.
You resist negative energy. (rN+)
You are resistant to electric shocks. (rElec)
You can survive without breathing.
You are immune to petrification.
You are immune to rotting.


Message History

Prince Ribbit closely misses you. Prince Ribbit barely misses you.
Okay, then.
As you read the scroll of identify, it crumbles to dust.
H - 2 potions of cancellation Prince Ribbit hits you but does no damage.
As you read the scroll of identify, it crumbles to dust.
e - a potion of brilliance Prince Ribbit closely misses you.
Okay, then.
It was a potion of flight.
You feel very buoyant.
You fly up into the air.
Prince Ribbit barely misses you. Prince Ribbit closely misses you.
You closely miss Prince Ribbit.
Prince Ribbit is lightly wounded.
Prince Ribbit closely misses you. Prince Ribbit hits you!
* * * LOW HITPOINT WARNING * * *
As you read the scroll of teleportation, it crumbles to dust.
You feel strangely unstable. Prince Ribbit hits you!
You die...

#..#.# #.###... #..#.#
#.# #### #..#.# ###
#.# #..#<##
##.#######.# .
#..#..## #..........#
##..#...####.#########
#...<....###.##
#.#.......#F..##
#......[.#@....#
###............#
###.......>.....
#..####...#### #.†#
##### #######..#
.........# #.......#
.#####.##


You could see Prince Ribbit.

Vanquished Creatures
  Purgy (Sewer)
  An ogre (D:3)
  A crimson imp (D:5)
  An orc priest (D:3)
  A hound (D:5)
  An iguana (D:4)
  2 worker ants (D:5)
  A hound skeleton (D:2)
  7 gnolls (D:3)
  6 adders
  A river rat (D:3)
  5 oozes
  An adder skeleton (D:5)
  3 worms
  2 dart slugs
  5 leopard geckos
  9 orcs
  3 ball pythons
  6 giant cockroaches
  2 goblins (D:1)
  9 hobgoblins
  14 jackals
  7 kobolds
  A quokka (D:5)
  A ball python zombie (D:5)
  9 bats
  4 frilled lizards
  9 rats
113 creatures vanquished.

Notes
Turn   | Place    | Note
-------+----------+-------------------------------------------
     0 | D:1      | Borgoz the Gargoyle Gladiator began the quest for the Orb.
     0 | D:1      | Reached XP level 1. HP: 12/12 MP: 1/1
   149 | D:1      | Reached XP level 2. HP: 18/18 MP: 2/2
   278 | D:1      | Reached skill level 1 in Armour
   786 | D:2      | Reached XP level 3. HP: 22/22 MP: 3/3
   960 | D:2      | Found a radiant altar of Vehumet.
  1083 | D:2      | Reached XP level 4. HP: 27/27 MP: 4/4
  1292 | D:2      | Found a sacrificial altar of Ru.
  1295 | D:2      | Found a bloodstained altar of Trog.
  1546 | D:3      | Noticed an ogre
  1711 | D:3      | Reached XP level 5. HP: 32/32 MP: 5/5
  1738 | D:3      | Found a stormy altar of Qazlal.
  1883 | D:3      | Found a glowing drain.
  1888 | Sewer    | Entered a sewer
  1940 | Sewer    | Noticed Purgy
  1966 | Sewer    | Killed Purgy
  1966 | Sewer    | Reached XP level 6. HP: 20/38 MP: 4/6
  2614 | D:3      | Reached XP level 7. HP: 23/44 MP: 4/7
  2857 | D:4      | Found a blossoming altar of Fedhas.
  2882 | D:4      | Got a warped robe
  3349 | D:4      | Found an ancient bone altar of Kikubaaqudgha.
  3528 | D:5      | Entered Level 5 of the Dungeon
  3609 | D:5      | Found an iron altar of Okawaru.
  3615 | D:5      | Became a worshipper of Warmaster Okawaru
  3697 | D:5      | Found a snail-covered altar of Cheibriados.
  3885 | D:5      | Noticed Prince Ribbit
  3898 | D:5      | HP: 1/44 [Prince Ribbit (13)]
  3900 | D:5      | Mangled by Prince Ribbit

Skill      XL: |  1  2  3  4  5  6  7 |
---------------+----------------------+-----
Armour         | 1 2 3 4 |  4.1
Axes           | 3 4 |  4.5
Fighting       | 3 4 |  4.7
Dodging        | 3 4 |  4.0
Throwing       | |  1.7

Action                   |  1- 3 |  4- 6 |  7- 9 || total
-------------------------+-------+-------+-------++-------
Melee: War axe           |    87 |   171 |    78 ||   336
  Use: Potion            |       |     3 |     3 ||     6
       Scroll            |       |     1 |     8 ||     9
  Eat: Chunk             |       |     6 |     4 ||    10
Armor: Leather armour    |    39 |       |       ||    39
       Ring mail         |       |   117 |    35 ||   152
Dodge: Dodged            |    71 |   192 |    69 ||   332
